 Dungeon Crawl Stone Soup version 0.16.2-12-gd0ad4c3 (webtiles) character file.

165581 magipi the Severer (level 17, -2/141 HPs)
             Began as a Ghoul Gladiator on Oct 26, 2015.
             Was the Champion of Makhleb.
             Slain by a merfolk
             ... wielding a +0 trident
              (13 damage)
             ... on level 4 of the Shoals on Oct 27, 2015.
             The game lasted 04:06:16 (26801 turns).

magipi the Severer (Ghoul Gladiator)               Turns: 26801, Time: 04:06:16

Health: -2/141     AC: 22    Str: 21    XL:     17   Next: 58%
Magic:  0/29       EV: 18    Int: 13    God:    Makhleb [******]
Gold:   899        SH:  0    Dex:  6    Spells: 3 memorised, 18 levels left

rFire  . . .     SeeInvis +     A - +3 battleaxe (distort)
rCold  + . .     Clarity  .     D - +5 scale mail of Levity {Int+4 Dex-5 Slay+6 SInv}
rNeg   + + +     SustAb   .     (no shield)
rPois  ∞         Gourm    .     K - +1 helmet
rElec  .         Spirit   +     G - +1 cloak "Fael" {Int+3}
rCorr  .         Warding  .     z - +1 pair of gloves
rMut   .         Stasis   .     q - +0 pair of boots
MR     +....                    S - amulet of guardian spirit
Stlth  ..........               w - +6 ring of evasion
                                J - ring of flight

@: flying, rotting, somewhat resistant to hostile enchantments, extremely
unstealthy
A: rotting body, claws 1, carnivore 3, cold resistance 1, negative energy
resistance 3, poison resistance, slow healing 1, torment resistance, unbreathing
a: Minor Destruction, Lesser Servant of Makhleb, Major Destruction, Greater
Servant of Makhleb, Renounce Religion, Stop Flying
}: 1/15 runes: gossamer


You were on level 4 of the Shoals.
You worshipped Makhleb.
Makhleb was exalted by your worship.
You were not hungry.

You visited 6 branches of the dungeon, and saw 38 of its levels.
You also visited: Ice Cave and Volcano.

You collected 4338 gold pieces.
You spent 3439 gold pieces at shops.

Inventory:

Hand weapons
 a - a +3 battleaxe of freezing
 A - a +3 battleaxe of distortion (weapon)
Missiles
 d - 2 throwing nets
 e - 6 silver javelins
 g - a javelin of penetration
 u - 8 javelins (quivered)
Armour
 q - a +0 pair of boots (worn)
 z - a +1 pair of gloves (worn)
 D - the +5 scale mail of Levity (worn) {Int+4 Dex-5 Slay+6 SInv}
   (You bought it in a shop on level 6 of the Dungeon)

   It affects your intelligence (+4).
   It affects your dexterity (-5).
   It affects your accuracy and damage with ranged weapons and melee attacks
   (+6).
   It enhances your eyesight.
 G - the +1 cloak "Fael" (worn) {Int+3}
   (You found it on level 8 of the Lair of Beasts)

   It affects your intelligence (+3).
 K - a +1 helmet (worn)
Jewellery
 c - an uncursed ring of protection from cold
 f - the ring of Law {Wiz rF++}
   (You found it on level 8 of the Lair of Beasts)

   [ring of wizardry]

   It improves your spell success rate.
   It greatly protects you from fire.
 i - an uncursed ring of see invisible
 m - an uncursed ring of protection from magic
 n - an uncursed amulet of resist corrosion
 r - the ring of the Kraken {rElec rF+ MR- Str+3}
   (You found it on level 3 of the Lair of Beasts)

   [ring of strength]

   It affects your strength (+3).
   It protects you from fire.
   It insulates you from electricity.
   It affects your resistance to hostile enchantments.
 w - a +6 ring of evasion (right hand)
 J - a ring of flight (left hand)
 O - an uncursed ring of sustain abilities
 S - an amulet of guardian spirit (around neck)
Magical devices
 b - a wand of confusion (26)
 o - a wand of invisibility (4)
 s - a wand of disintegration (6)
 x - a wand of teleportation (5)
 B - a wand of draining (3)
 I - a wand of digging (8)
Scrolls
 j - 5 scrolls of identify
 p - 2 scrolls of fear
 C - a scroll of fog
 M - 4 scrolls of magic mapping
 R - 3 scrolls of summoning
 U - 3 scrolls of silence
 V - 12 scrolls of remove curse
 W - a scroll of torment
Potions
 v - 2 potions of haste
 y - 2 potions of might
 E - a potion of agility
 F - a potion of invisibility
 H - 4 potions of curing
 P - 3 potions of resistance
 T - a potion of restore abilities
 Z - 3 potions of cancellation
Miscellaneous
 l - a phantom mirror
 t - a fan of gales
 N - a phial of floods
Comestibles
 k - 8 meat rations


   Skills:
 - Level 10.4 Fighting
 - Level 16.0 Axes
 - Level 8.7 Throwing
 - Level 9.5 Armour
 - Level 10.1 Dodging
 + Level 5.0 Spellcasting
 + Level 5.4 Translocations
 - Level 11.1 Invocations
 - Level 11.3 Evocations


You had 18 spell levels left.
You knew the following spells:

 Your Spells              Type           Power        Failure   Level  Hunger
a - Apportation           Tloc           ###.......   6%          1    None
b - Summon Butterflies    Summ           #.......     47%         1    None
H - Haste                 Chrm           #.......     100%        6    #######


Dungeon Overview and Level Annotations

Branches:
Dungeon (15/15)            Temple (1/1) D:4            Lair (8/8) D:8
 Shoals (5/5) Lair:6       Spider (5/5) Lair:4        Slime (0/6) Lair:7
    Orc (4/4) D:10            Elf (0/3) Orc:3        Vaults (0/5) D:14
 Depths: D:15

Altars:
Cheibriados
Dithmenos
Elyvilon
Fedhas
Gozag
Kikubaaqudgha
Makhleb
Qazlal
Sif Muna
Trog
Xom
Yredelemnul
Zin
The Shining One
Beogh
Jiyva

Shops:
D:6 [%%   D:12 (   Orc:2 (   Orc:4 =[}?%([   Shoals:4 *

Annotations:
D:3 Yiuf, kraktruk's ghost, average DECj
Shoals:5 Ilsuiw
Spider:5 Britaniac's ghost, mighty MiGl


Innate Abilities, Weirdness & Mutations

Your body is rotting away.
You thrive on raw meat.
You have sharp fingernails.
You are carnivorous and can eat meat at any time.
Your flesh is cold resistant.
You are immune to negative energy.
Your system is resistant to poisons.
You heal slowly when monsters are visible.
You are immune to unholy pain and torment.
You can survive without breathing.

Vault maps used:
D:1:      dpeg_arrival_solitude, kennysheep_crisscross
D:2:      tgw_trog, lemuel_doored_altar
D:3:      kiku_gazebo_garden_becter, first_bread, nicolae_tso_carved_into_rock,
          uniq_crazy_yiuf_cottage
D:4:      kennysheep_mini_moat, minmay_temple_entry_crystal_x
D:5:      basic_altar
D:6:      elyvilon_altar_1, serial_shops, shop, nicolae_shop_statue_plus,
          nicolae_shop_crystal
D:7:      kennysheep_big_flooded_room, yredelemnul_altar_generic, uniq_joseph,
          uniq_menkaure, uniq_sigmund
D:8:      dpeg_lair_monsters, basic_altar, uniq_edmund, uniq_pikel,
          uniq_maurice, uniq_grum
D:9:      zin_angel
D:10:     orc_0_dummy, st_stairs_1
D:12:     serial_shops, shop, uniq_erolcha
D:13:     hourglass_vault, serial_corexii_hall, corexii_hall_statues_l,
          corexii_hall_statues_t, corexii_hall_statues_t,
          corexii_hall_statues_deadend, corexii_hall_statues_x,
          corexii_hall_statues_s
D:14:     lightli_vaults_fourway_checkpoint, serial_ice, serial_ice_a,
          serial_ice_n, serial_ice_j, serial_ice_o, serial_ice_d, serial_ice_h,
          serial_ice_f, serial_ice_b, serial_ice_e, serial_ice_c,
          portal_ice_cave_entry_animals_and_master, dk_noncrumbling_3,
          the_bakery
D:15:     grunt_enter_depths_hoard, basic_altar, grunt_decor_clamped,
          serial_shops, shop
Temple:   triangle_lava_temple_12
Lair:1:   lemuel_ratsnest
Lair:2:   basic_altar
Lair:3:   nicolae_lair_grove_arrangements
Lair:4:   spider_nest_entry_webs, cheibrodos_lair_caveside_slide,
          grunt_megastairs_3, uniq_rupert
Lair:5:   pond
Lair:6:   shoals_dummy_entry, serial_bayou_shore_a
Lair:7:   slime_altar_2, enter_volcano_2, kennysheep_catoblepas_arena
Lair:8:   due_jungle_book, uniq_erica
Shoals:2: uniq_donald
Shoals:3: serial_shops, nicolae_shop_behind_doors
Shoals:4: serial_shops, shop, overgrown_tower, uniq_kirke
Shoals:5: shoals_end_simple, shoal_ilsuiw
Spider:3: nicolae_spider_stair_cavern
Spider:4: spider_trap, uniq_louise
Spider:5: spider_rune_water, spider_trap, uniq_arachne
Orc:1:    bloody_makhleb, uniq_prince_ribbit1, uniq_duvessa
Orc:2:    serial_shops, shop, enter_bailey_2
Orc:3:    nicolae_orc_pool_cavern, hangedman_feature_mirror
Orc:4:    st_orc_rangers, basic_altar, serial_shops, nicolae_shop_trees,
          nicolae_shop_stone, shop
IceCv:    ice_cave_small_giant
Volcano:  volcano_aerie


Message History

The merfolk avatar is moderately wounded.
You are starting to lose your buoyancy.
The shadowy forms in the deep grow still as others approach.
The merfolk avatar chants its luring song.
The merfolk barely misses you.
You slash the merfolk avatar!
The merfolk avatar is heavily wounded.
The merfolk avatar blinks!
The merfolk avatar chants its luring song.
The merfolk closely misses you.
Unknown command.
You hit the griffon.
Space bends around the griffon.
The griffon is lightly wounded.
You hit the merfolk avatar.
The merfolk avatar is heavily wounded.
The merfolk avatar blinks!
You are no longer entranced.
The griffon completely misses you.
The griffon pecks you but does no damage.
The griffon claws you. The merfolk completely misses you.
You hit the griffon.
The griffon is moderately wounded.
The griffon blinks!
Shadowy forms rise from the deep at the merfolk avatar's song!
The merfolk avatar chants a haunting song.
You resist.
Unknown command.
You slice the drowned soul!!
You destroy the drowned soul!
The merfolk hits you from afar with a trident!
Unknown command.
You barely miss the drowned soul.
The shadowy forms in the deep grow still as others approach.
The drowned soul touches you.
The merfolk hits you from afar with a trident!
* * * LOW HITPOINT WARNING * * *
You float gracefully downwards.
Shadowy forms rise from the deep at the merfolk avatar's song!
The snapping turtle hisses angrily.
The shadowy forms in the deep grow still as others approach.
Shadowy forms rise from the deep at the merfolk avatar's song!
Use which ability? (? or * to list)
You feel very buoyant.
You fly up into the air.
You feel somewhat more hungry.
The shadowy forms in the deep grow still as others approach.
The merfolk hits you from afar with a trident!
* * * LOW HITPOINT WARNING * * *
The merfolk avatar chants a haunting song.
You are mesmerised by the merfolk avatar!
Unknown command.
The merfolk avatar chants its luring song.
The merfolk avatar chants its luring song.
The merfolk avatar chants its luring song.
You slash the merfolk avatar!
The merfolk avatar is heavily wounded.
The merfolk avatar disappears!
You break out of your daze!
The snapping turtle bites you but does no damage.
The merfolk hits you from afar with a trident!
* * * LOW HITPOINT WARNING * * *
The snapping turtle bites you!
* * * LOW HITPOINT WARNING * * *
Unknown command.
You slice the merfolk!!
The merfolk is almost dead.
You hit the snapping turtle but do no damage.
The snapping turtle blinks!
The merfolk disappears!
The merfolk reappears nearby!
You slice the drowned soul!!
The drowned soul looks slightly unstable.
The drowned soul is almost destroyed.
The drowned soul touches you.
You closely miss the griffon.
The griffon is lightly wounded.
The griffon misses you.
The griffon pecks you but does no damage.
The griffon closely misses you.
Unknown command.
You slash the griffon!
Space bends around the griffon.
The griffon is moderately wounded.
The griffon bites you but does no damage.
The griffon closely misses you. The griffon barely misses you.
Unknown command.
You hit the griffon.
Space warps horribly around the griffon!
The griffon is heavily wounded.
The griffon misses you.
The griffon pecks you but does no damage.
The griffon completely misses you.
Unknown command.
You barely miss the griffon.
The griffon is heavily wounded.
The griffon bites you!
* * * LOW HITPOINT WARNING * * *
The griffon pecks you but does no damage.
The griffon claws you but does no damage.
You slash the griffon!
Space warps horribly around the griffon!
The griffon is severely wounded.
The merfolk hits you from afar with a trident!!
You die...

≈≈≈......≈≈..≈≈≈
≈≈≈≈≈........≈...≈≈≈
≈≈≈≈≈≈..≈.......≈.....
≈≈...≈≈≈≈≈....≈..≈.....
≈≈≈≈...≈≈≈≈.!..≈≈≈≈≈....
≈≈≈≈.....≈..........≈≈...
≈≈≈................(.≈.##
≈≈≈≈≈≈....t.##...>..^...#
≈≈≈≈≈≈≈≈.@Hm.###.)##.....#
≈≈≈≈≈≈≈≈≈.....#.........≈≈
≈≈≈≈≈≈≈≈≈≈.........≈≈...≈≈
≈≈≈≈≈≈≈≈≈≈....≈≈≈≈≈≈≈.≈≈≈
≈≈≈≈≈≈≈≈≈≈≈≈.≈≈≈≈≈≈≈≈≈≈≈≈
≈≈≈≈≈≈≈≈≈≈≈≈≈≈≈≈≈≈≈≈≈≈≈≈≈
≈≈≈
≈≈≈≈≈≈≈≈≈≈≈≈..≈≈≈≈≈≈≈≈≈≈
≈≈≈≈≈≈≈≈≈
≈≈≈≈≈≈≈≈≈.....≈≈≈≈≈≈≈≈
≈≈≈≈≈≈≈≈≈≈
≈≈≈≈≈≈≈≈...≈≈≈≈≈≈≈≈≈


You could see a griffon, a snapping turtle and a merfolk.

Table legend:
 A = Kills in this place as a percentage of kills in entire the game.
 B = Kills by you in this place as a percentage of kills by you in the entire game.
 C = Kills by friends in this place as a percentage of kills by friends in the entire game.
 D = Other kills in this place as a percentage of other kills in the entire game.
 E = Experience gained in this place as a percentage of experience gained in the entire game.
 F = Experience gained in this place divided by the number of levels of this place that you have seen.
                   A       B       C       D       E      F
               +-------+-------+-------+-------+-------+----------------------
         Total | 100.0 | 100.0 | 100.0 | 100.0 | 100.0 | 5449.3
       Dungeon |  38.9 |  39.8 |   6.7 |  26.5 |  24.8 | 3605.4
          Lair |  22.0 |  22.7 |  20.0 |   0.0 |  21.9 | 5961.4
        Shoals |   9.1 |   7.8 |  20.0 |  44.1 |  22.3 | 9702.2
   Spider Nest |  10.2 |   9.0 |  53.3 |  26.5 |  19.6 | 8527.6
  Orcish Mines |  15.8 |  16.4 |   0.0 |   2.9 |   5.0 | 2741.8
      Ice Cave |   3.2 |   3.4 |   0.0 |   0.0 |   5.0 | 10864.0
       Volcano |   0.8 |   0.8 |   0.0 |   0.0 |   1.5 | 3221.0
               +-------+-------+-------+-------+-------+----------------------

Vanquished Creatures
  Rupert (Lair:4)
  A frost giant (IceCv)
  Louise (Spider:4)
  2 emperor scorpions (Spider:5)
  3 dire elephants (Lair:8)
  A merfolk javelineer (Shoals:5)
  2 vault guards (D:14)
  6 merfolk impalers
  An ice dragon (D:14)
  3 merfolk avatars
  2 hydras
  3 catoblepae
  Erica (Lair:8)
  An anaconda (Lair:8)
  A deep troll earth mage (D:13)
  A merfolk aquamancer (Shoals:5)
  3 centaur warriors
  5 death yaks (Lair:8)
  An orc high priest (Orc:3)
  A fire crab (Lair:8)
  7 sea snakes
  4 unseen horrors
  6 hill giants
  An ice statue (IceCv)
  14 harpies
  A lindwurm (Volcano)
  Pikel (D:8)
  2 orc knights (Orc:4)
  7 manticores
  13 orb spiders
  7 cyclopes
  A griffon (Shoals:1)
  2 ugly things
  2 fauns (Shoals:3)
  2 orc sorcerers (Orc:3)
  3 hornets
  A water nymph (Shoals:1)
  7 drowned souls
  12 wolf spiders
  Maurice (D:8)
  5 sirens
  5 elephants (Lair:8)
  Joseph (D:7)
  3 black mambas
  4 molten gargoyles (Volcano)
  A torpor snail (Spider:4)
  6 komodo dragons
  9 spiny frogs
  3 fire drakes
  6 trolls
  3 yaktaurs (D:15)
  4 demonic crawlers
  14 jumping spiders
  An efreet (D:14)
  A fire vortex (Volcano)
  23 polar bears
  A wolf spider simulacrum (D:14)
  4 wind drakes
  14 merfolk
  A two-headed ogre (D:12)
  Prince Ribbit (Orc:1)
  The ghost of blami the Magician, an average DrAE of Jiyva (D:4)
  6 slime creatures
  4 snapping turtles
  66 yaks
  15 blink frogs
  A deep elf mage (D:14)
  21 redbacks
  2 wraiths
  A spriggan (D:14)
  10 trapdoor spiders
  5 water elementals
  10 tarantellas
  3 fire elementals (Volcano)
  4 hungry ghosts
  Grum (D:8)
  8 vampire mosquitoes
  3 wyverns
  2 mottled dragons
  11 hippogriffs
  Edmund (D:8)
  2 insubstantial wisps (Lair:5)
  A soldier ant (D:12)
  Menkaure (D:8)
  23 wolves
  14 water moccasins
  8 porcupines
  A necrophage (D:10)
  A sky beast (D:10)
  4 spiders (Spider:3)
  5 ice beasts
  28 orc warriors
  A black bear (D:10)
  2 wasps (Spider:5)
  A boggart (shapeshifter) (D:15)
  22 centaurs
  A phantom (D:11)
  2 boring beetles
  2 eyes of draining
  Sigmund (D:7)
  Duvessa (Orc:1)
  12 ogres
  14 crocodiles
  17 giant frogs
  A big kobold (D:12)
  7 wights
  A yak zombie (D:11)
  12 scorpions
  16 killer bees
  Dowan (Orc:1)
  A giant frog zombie (D:8)
  A goliath beetle (D:10)
  10 hounds
  A centaur zombie (D:8)
  6 crimson imps
  A quasit (D:7)
  5 iguanas
  7 hell rats (Lair:6)
  2 centaur skeletons
  7 jellies
  A wyvern simulacrum (D:14)
  A gnoll shaman (D:8)
  26 orc wizards
  15 orc priests
  9 worker ants
  12 sheep
  2 worker ant zombies
  21 adders
  12 gnolls
  59 river rats
  3 shadow imps
  4 white imps (D:14)
  A worm (D:1)
  An ufetubus (D:14)
  An adder skeleton (D:4)
  An adder zombie (D:9)
  4 giant geckos
  An ooze (Lair:7)
  149 orcs
  2 bat skeletons
  A bat zombie (D:6)
  9 giant cockroaches
  15 hobgoblins
  9 jackals
  4 quokkas
  A ball python (D:2)
  16 bats
  2 giant cockroach zombies
  3 giant newts
  3 giant spores
  21 goblins
  A jackal skeleton (D:8)
  18 kobolds
  An orc zombie (D:11)
  A quokka skeleton (D:5)
  11 rats
  7 ballistomycetes
  A bush (Lair:3)
  5 plants
1116 creatures vanquished.

Vanquished Creatures (collateral kills)
  Arachne (Spider:5)
  A ghost moth (Spider:5)
  2 dire elephants (Lair:8)
  A merfolk avatar (Shoals:5)
  Erolcha (D:12)
  2 wolf spiders (Spider:5)
  A hornet (Spider:5)
  An elephant (Lair:8)
  A moth of wrath (Spider:5)
  A jumping spider (Spider:5)
  A merfolk (Shoals:5)
  A tarantella (Spider:5)
  A snapping turtle (Shoals:5)
15 creatures vanquished.

Vanquished Creatures (others)
  An Executioner (Lair:8)
  2 emperor scorpions
  A cacodemon (Lair:4)
  2 blizzard demons (Spider:5)
  A merfolk impaler (Shoals:1)
  A vault guard (D:14)
  3 green deaths
  2 merfolk avatars (Shoals:5)
  A satyr (Shoals:5)
  2 sea snakes
  A harpy (Shoals:3)
  An orb spider (Spider:5)
  A manticore (Shoals:1)
  A water nymph (Shoals:5)
  2 centaur zombies (D:14)
  21 drowned souls
  A siren (Shoals:5)
  An efreet (D:14)
  A merfolk (Shoals:5)
  3 jumping spiders (Spider:5)
  A fire vortex (Volcano)
  A snapping turtle (Shoals:5)
  A slime creature (D:14)
  A tarantella (Spider:5)
  A centaur simulacrum (D:14)
  2 trapdoor spiders
  A sky beast (D:13)
  An orc warrior (Orc:4)
  A spider (Spider:5)
  A wasp (D:15)
  A centaur (D:8)
  A giant frog (D:10)
  A hound (D:13)
  A worker ant (D:12)
  A white imp (D:14)
  A giant gecko (D:8)
  2 orcs
  2 kobolds
  A giant spore (D:10)
  13 fungi
  11 plants
95 creatures vanquished.

Grand Total: 1226 creatures vanquished

Notes
Turn   | Place    | Note
--------------------------------------------------------------
     0 | D:1      | magipi, the Ghoul Gladiator, began the quest for the Orb.
     0 | D:1      | Reached XP level 1. HP: 17/17 MP: 1/1
   177 | D:1      | Reached skill level 3 in Axes
   177 | D:1      | Reached XP level 2. HP: 19/24 MP: 2/2
   480 | D:1      | Reached XP level 3. HP: 27/29 MP: 3/3
   881 | D:2      | Reached XP level 4. HP: 27/35 MP: 3/3
  1041 | D:2      | Found a stormy altar of Qazlal.
  1194 | D:2      | Noticed a moth of wrath
  1312 | D:3      | Noticed kraktruk's ghost (average DECj)
  1485 | D:3      | Reached skill level 4 in Axes
  1555 | D:3      | Reached XP level 5. HP: 38/41 MP: 4/4
  1899 | D:3      | Found a glowing golden altar of the Shining One.
  1962 | D:3      | Noticed an orc warrior
  2035 | D:4      | Found a staircase to the Ecumenical Temple.
  2054 | Temple   | Entered the Ecumenical Temple
  2058 | Temple   | Became a worshipper of Makhleb the Destroyer
  2143 | D:4      | Noticed an ogre
  2157 | D:4      | Killed an ogre
  2157 | D:4      | Reached XP level 6. HP: 23/48 MP: 5/5
  2414 | D:4      | Reached skill level 5 in Axes
  2503 | D:4      | Noticed an ogre
  2524 | D:4      | Killed an ogre
  2524 | D:4      | Reached XP level 7. HP: 55/55 MP: 5/5
  2588 | D:4      | Noticed blami's ghost (average DrAE)
  2603 | D:4      | Acquired Makhleb's first power
  2625 | D:4      | Reached skill level 6 in Axes
  2632 | D:4      | Killed blami's ghost
  2632 | D:4      | Reached skill level 7 in Axes
  2655 | D:4      | Found a shadowy altar of Dithmenos.
  2777 | D:5      | Entered Level 5 of the Dungeon
  2836 | D:5      | Noticed a hungry ghost
  2854 | D:5      | Killed a hungry ghost
  2854 | D:5      | Reached XP level 8. HP: 58/61 MP: 6/6
  3075 | D:5      | Reached skill level 8 in Axes
  3377 | D:6      | Found a white marble altar of Elyvilon.
  3448 | D:6      | Found Kodghao Rimi's Food Emporium.
  3458 | D:6      | Found Joani's Food Shoppe.
  3609 | D:6      | Found Adivud's Armour Shoppe.
  3732 | D:6      | Acquired Makhleb's second power
  4031 | D:7      | Noticed Menkaure
  4075 | D:7      | Reached skill level 9 in Axes
  4114 | D:7      | Reached XP level 9. HP: 62/67 MP: 7/7
  4128 | D:7      | Found a basalt altar of Yredelemnul.
  4218 | D:7      | Noticed Sigmund
  4229 | D:7      | Killed Sigmund
  4286 | D:6      | Reached skill level 10 in Axes
  4346 | D:7      | Noticed Joseph
  4453 | D:7      | Killed Joseph
  4545 | D:7      | Noticed a gargoyle
  4586 | D:8      | Reached skill level 11 in Axes
  4594 | D:8      | Acquired Makhleb's third power
  4726 | D:8      | Noticed a spiny frog
  4893 | D:8      | Noticed Edmund
  4923 | D:8      | Killed a spiny frog
  4923 | D:8      | Reached skill level 1 in Armour
  4923 | D:8      | Reached XP level 10. HP: 60/77 MP: 7/7
  4951 | D:8      | Killed Edmund
  5080 | D:8      | Found a shadowy altar of Dithmenos.
  5129 | D:8      | Noticed Maurice
  5178 | D:8      | Killed Maurice
  5178 | D:8      | Reached skill level 5 in Fighting
  5183 | D:8      | Noticed Pikel
  5231 | D:8      | Killed Pikel
  5446 | D:8      | Acquired Makhleb's fourth power
  5509 | D:8      | Noticed Grum
  5527 | D:8      | Killed Grum
  5606 | D:8      | Found a staircase to the Lair.
  5796 | D:7      | HP: 3/84 [gargoyle/stone arrow (6)]
  5929 | D:9      | Reached skill level 5 in Armour
  5929 | D:9      | Reached skill level 1 in Evocations
  6567 | D:9      | Found a glowing silver altar of Zin.
  6567 | D:9      | Noticed an angel
  6703 | D:10     | Entered Level 10 of the Dungeon
  6707 | D:10     | Noticed a hill giant
  6910 | D:10     | Reached XP level 11. HP: 89/91 MP: 14/14
  6935 | D:10     | Acquired Makhleb's fifth power
  7019 | D:10     | Got a translucent war axe
  7020 | D:10     | Identified the +5 war axe "Clecink" {chop, +Rage Int-2 Dex+4} (You found it on level 10 of the Dungeon)
  7283 | D:10     | Reached skill level 5 in Evocations
  7370 | D:10     | Found a staircase to the Orcish Mines.
  7417 | D:10     | Killed a hill giant
  7581 | Orc:1    | Entered Level 1 of the Orcish Mines
  7649 | Orc:1    | Noticed Duvessa
  7661 | Orc:1    | Killed Duvessa
  7663 | Orc:1    | Noticed Dowan
  7682 | Orc:1    | Killed Dowan
  8039 | Orc:1    | Noticed Prince Ribbit
  8074 | Orc:1    | Killed Prince Ribbit
  8213 | Orc:1    | Found a burning altar of Makhleb.
  8240 | Orc:2    | Found Jattaguo's Antique Weapon Shoppe.
  8252 | Orc:2    | Bought a glowing war axe for 80 gold pieces
  8431 | Orc:3    | Found a staircase to the Elven Halls.
  8434 | Orc:3    | Noticed an orc high priest
  8575 | Orc:3    | Found a bloodstained altar of Trog.
  8655 | Orc:3    | Paralysed by an orc sorcerer for 6 turns
  8762 | Orc:3    | Found a roughly hewn altar of Beogh.
  8944 | D:8      | Killed Menkaure
  9010 | D:6      | Bought the +5 scale mail of Levity {Int+4 Dex-5 Slay+6 SInv} for 949 gold pieces
  9191 | Lair:1   | Entered Level 1 of the Lair of Beasts
  9347 | Lair:1   | Reached XP level 12. HP: 97/97 MP: 21/21
  9399 | Lair:1   | Reached skill level 1 in Invocations
  9883 | Lair:2   | Found an ancient bone altar of Kikubaaqudgha.
 10464 | Lair:3   | Got a vibrating tin ring
 10467 | Lair:3   | Identified the ring of the Kraken {rElec rF+ MR- Str+3} (You found it on level 3 of the Lair of Beasts)
 10657 | Lair:3   | Reached skill level 5 in Invocations
 10680 | Lair:3   | Noticed a catoblepas
 10692 | Lair:3   | Killed a catoblepas
 11045 | Lair:4   | Noticed Rupert
 11080 | Lair:5   | You fall through a shaft!
 11375 | Lair:7   | Reached skill level 10 in Evocations
 11495 | Lair:7   | Found a dark tunnel.
 11501 | Volcano  | Entered a volcano
 11530 | Volcano  | Reached XP level 13. HP: 104/104 MP: 23/25
 11864 | Lair:7   | Found a runed door.
 11870 | Lair:7   | Found a viscous altar of Jiyva.
 11871 | Lair:7   | Found a staircase to the Slime Pits.
 12029 | Lair:6   | Learned a level 1 spell: Apportation
 12031 | Lair:6   | Learned a level 1 spell: Summon Butterflies
 12333 | Lair:6   | Found a staircase to the Shoals.
 12535 | Lair:8   | Entered Level 8 of the Lair of Beasts
 13053 | Lair:8   | Got a fine cloak
 13064 | Lair:8   | Identified the +1 cloak "Fael" {Int+3} (You found it on level 8 of the Lair of Beasts)
 13366 | Lair:5   | Reached skill level 10 in Invocations
 13448 | Lair:4   | Found a hole to the Spider Nest.
 13526 | Lair:4   | Got a twitching wooden ring
 13528 | Lair:4   | Identified the ring of Urul {rElec Str+2 Stlth+} (You found it on level 4 of the Lair of Beasts)
 13985 | Lair:5   | Noticed a catoblepas
 14000 | Lair:5   | Killed a catoblepas
 14145 | Lair:8   | Got a smoking copper ring
 14147 | Lair:8   | Identified the ring of Law {Wiz rF++} (You found it on level 8 of the Lair of Beasts)
 14188 | Lair:8   | Noticed a dire elephant
 14245 | Lair:8   | Noticed Erica
 14284 | Lair:8   | Killed Erica
 14313 | Lair:8   | Reached XP level 14. HP: 98/114 MP: 25/27
 14322 | Lair:8   | Reached skill level 12 in Axes
 14390 | Lair:8   | Noticed a dire elephant
 14417 | Lair:8   | Killed a dire elephant
 14532 | Lair:8   | Noticed a dire elephant
 14536 | Lair:8   | Killed a dire elephant
 14544 | Lair:8   | Killed a dire elephant
 14574 | Lair:8   | Noticed a dire elephant
 14574 | Lair:8   | Noticed a dire elephant
 14605 | Lair:8   | Killed a dire elephant
 14610 | Lair:8   | Killed a dire elephant
 14774 | Lair:7   | Noticed a catoblepas
 14784 | Lair:7   | Killed a catoblepas
 14919 | Lair:4   | Paralysed by Rupert for 7 turns
 15001 | Lair:4   | Killed Rupert
 15470 | Orc:4    | Entered Level 4 of the Orcish Mines
 15492 | Orc:4    | Found Luclaxkus' Antique Armour Boutique.
 15506 | Orc:4    | Found Brazour's Jewellery Shoppe.
 15556 | Orc:4    | Bought an uncursed amulet of resist corrosion for 220 gold pieces
 15651 | Orc:4    | Found Clefics' Antique Armour Boutique.
 15677 | Orc:4    | Found a shimmering altar of Xom.
 15954 | Orc:4    | Reached skill level 10 in Fighting
 16115 | Orc:4    | Reached skill level 13 in Axes
 16148 | Orc:4    | Found Qupseuxt's Food Boutique.
 16148 | Orc:4    | Found Allocery's Magic Scroll Shoppe.
 16151 | Orc:4    | Found Cuplos' Gadget Emporium.
 16159 | Orc:4    | Found Zeyrah's Antique Weapon Shop.
 16163 | Orc:4    | Bought a brightly glowing battleaxe for 322 gold pieces
 16168 | Orc:4    | Identified the cursed -1 battleaxe of Hacking and Slashing {chop, -Cast +Rage rF+ Dex+3} (You bought it in a shop on level 4 of the Orcish Mines)
 16174 | Orc:4    | Bought a scroll of brand weapon for 240 gold pieces
 16174 | Orc:4    | Bought a scroll of enchant weapon for 90 gold pieces
 16174 | Orc:4    | Bought a scroll of identify for 24 gold pieces
 16188 | Orc:4    | Bought a scroll of identify for 24 gold pieces
 16188 | Orc:4    | Bought a scroll of identify for 24 gold pieces
 16188 | Orc:4    | Bought a scroll of recharging for 114 gold pieces
 16188 | Orc:4    | Bought a scroll of identify for 24 gold pieces
 16188 | Orc:4    | Bought a scroll of identify for 24 gold pieces
 16188 | Orc:4    | Bought a scroll of fear for 42 gold pieces
 16188 | Orc:4    | Bought a scroll of teleportation for 36 gold pieces
 16188 | Orc:4    | Bought a scroll of magic mapping for 42 gold pieces
 16571 | Orc:3    | Killed an orc high priest
 16808 | Orc:4    | Bought a distressingly furry chain mail for 304 gold pieces
 16830 | Orc:4    | Identified the cursed -2 chain mail "Phaenaoxa" {rPois Str+3 Dex+2} (You bought it in a shop on level 4 of the Orcish Mines)
 18034 | D:12     | Found Taeweoqo's Antique Weapon Shop.
 18124 | D:12     | Noticed Erolcha
 18131 | D:12     | Killed Erolcha
 18374 | D:12     | Reached XP level 15. HP: 120/126 MP: 26/28
 18670 | D:13     | Reached skill level 5 in Dodging
 18844 | D:14     | Found a frozen archway.
 19001 | IceCv    | Entered an ice cave
 19043 | IceCv    | Reached skill level 14 in Axes
 19346 | IceCv    | Noticed a frost giant
 19382 | IceCv    | Killed a frost giant
 19865 | D:14     | Found a gate to the Vaults.
 20296 | D:13     | Reached skill level 5 in Throwing
 20881 | D:15     | Entered Level 15 of the Dungeon
 21346 | Orc:4    | Bought a runed cloak for 144 gold pieces
 21346 | Orc:4    | Bought a glowing plate armour for 736 gold pieces
 21589 | Spider:1 | Entered Level 1 of the Spider Nest
 21755 | Spider:2 | Reached XP level 16. HP: 134/134 MP: 27/28
 21919 | Spider:4 | Reached skill level 15 in Axes
 22005 | Spider:5 | Entered Level 5 of the Spider Nest
 22536 | Spider:5 | Noticed Arachne
 22640 | Spider:5 | Killed Arachne
 22721 | Spider:5 | Noticed Britaniac's ghost (mighty MiGl)
 22821 | Spider:4 | Noticed Louise
 22825 | Spider:4 | Killed Louise
 23411 | Spider:5 | Got a gossamer rune of Zot
 23602 | Spider:3 | Reached skill level 10 in Dodging
 24165 | Shoals:1 | Entered Level 1 of the Shoals
 24542 | Shoals:1 | Reached XP level 17. HP: 133/141 MP: 27/29
 24568 | Shoals:1 | Reached skill level 16 in Axes
 24997 | Shoals:3 | Learned a level 6 spell: Haste
 25018 | Shoals:3 | Reached skill level 1 in Spellcasting
 25018 | Shoals:3 | Reached skill level 1 in Translocations
 25260 | Shoals:4 | Found Hieppuic's Assorted Antiques.
 25466 | Shoals:5 | Entered Level 5 of the Shoals
 25633 | Shoals:5 | Identified the Reference Book on the Entourage
 25921 | Shoals:5 | Noticed Ilsuiw
 26474 | Shoals:5 | Reached skill level 5 in Translocations
 26758 | Shoals:4 | Reached skill level 5 in Spellcasting
 26801 | Shoals:4 | Slain by a merfolk

Action                   |  1- 3 |  4- 6 |  7- 9 | 10-12 | 13-15 | 16-18 || total
-------------------------+-------+-------+-------+-------+-------+-------++-------
Melee: War axe           |   128 |   186 |   395 |   617 |   649 |       ||  1975
       Battleaxe         |       |       |    19 |   251 |   714 |   851 ||  1835
 Fire: Blowgun           |       |     7 |    20 |    63 |    40 |       ||   130
Throw: Throwing net      |       |     2 |       |     2 |       |     6 ||    10
       Javelin           |       |       |       |       |    13 |    77 ||    90
 Cast: Apportation       |       |       |       |       |       |     1 ||     1
Invok: Greater Servant o |       |       |       |       |     5 |     7 ||    12
 Abil: Evoke Flight      |       |       |       |       |       |    13 ||    13
Evoke: Wand              |       |       |       |     2 |    26 |    12 ||    40
  Use: Scroll            |       |     9 |     4 |    17 |    17 |    14 ||    61
       Potion            |       |       |     7 |     7 |     3 |    12 ||    29
 Stab: Held in net/web   |       |       |       |     4 |       |     2 ||     6
       Distracted        |       |       |       |       |       |     1 ||     1
  Eat: Chunk             |     8 |    25 |    32 |    97 |   100 |    95 ||   357
       Pizza             |       |       |       |       |       |     2 ||     2
       Meat ration       |       |       |       |       |       |     1 ||     1

Action                   |  1- 3 |  4- 6 |  7- 9 | 10-12 | 13-15 | 16-18 || total
-------------------------+-------+-------+-------+-------+-------+-------++-------
Melee: War axe           |   128 |   186 |   395 |   617 |   649 |       ||  1975
       Battleaxe         |       |       |    19 |   251 |   714 |   851 ||  1835
 Fire: Blowgun           |       |     7 |    20 |    63 |    40 |       ||   130
Throw: Throwing net      |       |     2 |       |     2 |       |     6 ||    10
       Javelin           |       |       |       |       |    13 |    77 ||    90
 Cast: Apportation       |       |       |       |       |       |     1 ||     1
Invok: Greater Servant o |       |       |       |       |     5 |     7 ||    12
 Abil: Evoke Flight      |       |       |       |       |       |    13 ||    13
Evoke: Wand              |       |       |       |     2 |    26 |    12 ||    40
  Use: Scroll            |       |     9 |     4 |    17 |    17 |    14 ||    61
       Potion            |       |       |     7 |     7 |     3 |    12 ||    29
 Stab: Held in net/web   |       |       |       |     4 |       |     2 ||     6
       Distracted        |       |       |       |       |       |     1 ||     1
  Eat: Chunk             |     8 |    25 |    32 |    97 |   100 |    95 ||   357
       Pizza             |       |       |       |       |       |     2 ||     2
       Meat ration       |       |       |       |       |       |     1 ||     1

Action                   |  1- 3 |  4- 6 |  7- 9 | 10-12 | 13-15 | 16-18 || total
-------------------------+-------+-------+-------+-------+-------+-------++-------
Melee: War axe           |   128 |   186 |   395 |   617 |   649 |       ||  1975
       Battleaxe         |       |       |    19 |   251 |   714 |   851 ||  1835
 Fire: Blowgun           |       |     7 |    20 |    63 |    40 |       ||   130
Throw: Throwing net      |       |     2 |       |     2 |       |     6 ||    10
       Javelin           |       |       |       |       |    13 |    77 ||    90
 Cast: Apportation       |       |       |       |       |       |     1 ||     1
Invok: Greater Servant o |       |       |       |       |     5 |     7 ||    12
 Abil: Evoke Flight      |       |       |       |       |       |    13 ||    13
Evoke: Wand              |       |       |       |     2 |    26 |    12 ||    40
  Use: Scroll            |       |     9 |     4 |    17 |    17 |    14 ||    61
       Potion            |       |       |     7 |     7 |     3 |    12 ||    29
 Stab: Held in net/web   |       |       |       |     4 |       |     2 ||     6
       Distracted        |       |       |       |       |       |     1 ||     1
  Eat: Chunk             |     8 |    25 |    32 |    97 |   100 |    95 ||   357
       Pizza             |       |       |       |       |       |     2 ||     2
       Meat ration       |       |       |       |       |       |     1 ||     1
